 Dungeon Crawl Stone Soup version 0.31-a0-4-gefa6de2278 (webtiles) character file.

Game seed: 1706915277192797364

16 subawu the Ruffian (level 2, -1/23 HPs)
             Began as a Draconian Transmuter on May 4, 2023.
             Slain by a worm (5 damage)
             ... on level 2 of the Dungeon.
             The game lasted 00:06:12 (1300 turns).

subawu the Ruffian (Draconian Transmuter)           Turns: 1300, Time: 00:06:13

Health: -1/23      AC:  4    Str: 12    XL:     2   Next: 41%
Magic:  12/14      EV: 12    Int: 13    God:
Gold:   31         SH:  0    Dex: 11    Spells: 2/5 levels left

rFire   . . .        e - +0 trident
rCold   . . .        (no shield)
rNeg    . . .        (body armour unavailable)
rPois   .            (helmet restricted)
rElec   .            (no cloak)
rCorr   .            (no gloves)
SInv    .            (no boots)
Will    .....        (no amulet)
Stlth   +            d - ring of magical power
HPRegen 0.23/turn    (no ring)
MPRegen 0.14/turn

%: no passive effects
@: wereblooded
A: AC +4, unfitting armour, cold-blooded
a: no special abilities


You were on level 2 of the Dungeon.
You visited 1 branch of the dungeon, and saw 2 of its levels.

You collected 31 gold pieces.

Inventory:

Hand Weapons
 b - a +0 long sword
 c - a +0 mace
 e - a +0 trident (weapon)
Missiles
 j - 3 poisoned darts (quivered)
Armour
 n - a +2 helmet
Jewellery
 d - a ring of magical power (left hand)
 l - a ring of magical power
Scrolls
 g - a scroll of blinking
 i - 3 scrolls of identify
Potions
 a - a potion of lignification
 f - a potion of heal wounds
 h - a potion of haste {unknown}
 k - a potion of ambrosia {unknown}
 m - a potion of might {unknown}


   Skills:
 + Level 1.4 Fighting
 + Level 0.1 Long Blades
 + Level 0.2 Polearms
 + Level 2.0 Dodging
 + Level 3.2 Unarmed Combat
 + Level 2.2 Spellcasting
 + Level 2.0 Transmutations


You had 2 spell levels left.
You knew the following spells:

 Your Spells              Type           Power      Damage    Failure   Level
a - Beastly Appendage     Tmut           12%        N/A       11%         1
b - Wereblood             Tmut           6%         N/A       16%         2

Your spell library contained the following spells:

 Spells                   Type           Power      Damage    Failure   Level
 Spider Form              Tmut/Pois      4%         N/A       43%         3
 Ice Form                 Ice/Tmut       4%         N/A       85%         4


Dungeon Overview and Level Annotations

Branches:
Dungeon (2/15)

Altars:

Shops:
D:1 !


Innate Abilities, Weirdness & Mutations

Your plain brown scales are hard. (AC +4)
You cannot fit into any form of body armour.
You are cold-blooded and may be slowed by cold attacks.


Message History

You start resting.
HP restored.
Memorise Wereblood, consuming 2 spell levels and leaving 2?
You start memorising the spell.
You continue memorising. x2
You finish memorising.
Spell assigned to 'b'.
i - 3 scrolls of identify (gained 1)
You now have 31 gold pieces (gained 12).
You open the door.
There is an open door here.
A kobold comes into view. It is wielding a +0 dagger.
The kobold shouts!
The kobold hits you with a +0 dagger.
You puncture the kobold!
You kill the kobold!
Things that are here:
a +0 dagger; a kobold corpse An endoplasm comes into view.
A worm comes into view.
The endoplasm closely misses you.
A goblin and an endoplasm come into view.
The endoplasm freezes you.
You are frozen.
You feel yourself slow down.
A frilled lizard comes into view.
The goblin shouts!
The endoplasm quivers.
The endoplasm freezes you.
You are frozen.
You hit the endoplasm but do no damage. You punch the endoplasm.
The endoplasm is moderately wounded.
You feel yourself speed up. The endoplasm freezes you.
You are frozen.
The endoplasm freezes you.
You are frozen.
The worm bites you!
* * * LOW HITPOINT WARNING * * *
Casting: Beastly Appendage (safe; 11% risk of failure)
Confirm with . or Enter, or press ? or * to list all spells.
Your blood is infused with primal strength.
The endoplasm closely misses you. The worm bites you.
You die...

#..... .#.....
....... #.....
#..lJg###
#.......#
#.......#
#.....@.#
#....wJ.#
#.......########
#..............#
#.......######.#
####......# #)#
#......####.#
#...........#
#.......#####


You could see a worm, 2 endoplasms, a goblin and a frilled lizard.

Vanquished Creatures
  A dart slug (D:1)
  A ball python (D:1)
  An endoplasm (D:1)
  A goblin (D:1)
  A hobgoblin (D:2)
  2 kobolds (D:2)
  A quokka (D:1)
  4 frilled lizards
  2 rats
14 creatures vanquished.

Notes
Turn   | Place    | Note
-------+----------+-------------------------------------------
     0 | D:1      | subawu the Draconian Transmuter began the quest for the
                  | Orb.
     0 | D:1      | Reached XP level 1. HP: 16/16 MP: 3/3
   828 | D:1      | Reached XP level 2. HP: 21/23 MP: 5/5
   915 | D:1      | Found Urubumu's Distillery.
  1196 | D:2      | Learned a level 2 spell: Wereblood
  1300 | D:2      | Slain by a worm

Illustrated notes

Levels and vault maps discovered:
D:1:      wander_arrival_estate, layout_basic, serial_shops, shop
D:2:      layout_basic

Skill      XL: |  1  2 |
---------------+-------+-----
Dodging        | 2 |  2.0
Fighting       | |  1.4
Long Blades    | |  0.1
Polearms       | |  0.2
Unarmed Combat | |  3.2
Spellcasting   | |  2.2
Transmutations | |  2.0

Action                     || total
---------------------------++-------
  Melee: Trident           ||    33
         Long sword        ||     6
         Tailslap          ||     5
         Punch             ||     1
   Cast: Beastly Appendage ||     1
         Wereblood         ||     1
    Use: Scroll            ||     4
 Armour: Skin              ||    28
  Dodge: Dodged            ||    46

Table legend: (Time is in decaauts)
 A = Elapsed time spent in this place.
 B = Non-inter-level travel time spent in this place.
 C = Inter-level travel time spent in this place.
 D = Time resting spent in this place.
 E = Time spent auto-exploring this place.
 F = Levels seen in this place.
 G = Mean time per level.
                   A        B        C        D        E       F      G
               +--------+--------+--------+--------+--------+-----+--------+
         Total |   1311 |   1205 |    106 |    163 |      0 |   2 |  655.5 |
       Dungeon |   1311 |   1205 |    106 |    163 |      0 |   2 |  655.5 |
               +--------+--------+--------+--------+--------+-----+--------+

Top non-repeatable levels by time:
     D:1: 1000 daAuts
     D:2: 311 daAuts
